 Dungeon Crawl Stone Soup version 0.29-a0-559-g359e09b9d1 (webtiles) character file.

Game seed: 17930919903139552957

47 Meatmasher the Grasshopper (level 3, 0/28 HPs)
             Began as a Demonspawn Warper on June 9, 2022.
             Was an Initiate of Ashenzari.
             Succumbed to an adder's poison
             ... on level 2 of the Dungeon.
             The game lasted 00:11:31 (2313 turns).

Meatmasher the Grasshopper (Demonspawn Warper)      Turns: 2313, Time: 00:11:32

Health: 0/28       AC:  4    Str: 13    XL:     3   Next: 48%
Magic:  6/6        EV: 11    Int: 14    God:    Ashenzari [......]
Gold:   111        SH:  0    Dex: 12    Spells: 6/6 levels left

rFire   . . .      SeeInvis .   a - +0 spear
rCold   . . .      Faith    .   (no shield)
rNeg    . . .      Spirit   .   b - +0 leather armour
rPois   .          Reflect  .   (no helmet)
rElec   .          Harm     .   e - +0 cloak
rCorr   .          Rampage  .   (no gloves)
Will    .....                   (no boots)
Stlth   +.........              (no amulet)
HPRegen 0.09/turn               (no ring)
MPRegen 0.10/turn               (no ring)

@: brilliant, lethally poisoned (0 -> -5), attractive
A: hooves 2
a: Renounce Religion, Curse Item


You were on level 2 of the Dungeon.
You worshipped Ashenzari.
Ashenzari was noncommittal.
You visited 1 branch of the dungeon, and saw 2 of its levels.

You collected 111 gold pieces.

Inventory:

Hand Weapons
 a - a +0 spear (weapon)
 m - a +0 mace
 y - a +0 whip
Missiles
 d - 5 boomerangs of dispersal
 i - 4 poisoned darts
 n - 16 stones (quivered)
Armour
 b - a +0 leather armour (worn)
 e - a +0 cloak (worn)
 f - a +0 cloak
 r - a +0 leather armour
 t - a +0 leather armour
 u - a +0 leather armour
 w - a +0 pair of boots
Jewellery
 k - a +4 ring of evasion
Scrolls
 c - a scroll of blinking
 g - a scroll of identify {unknown}
 o - a scroll of teleportation {unknown}
 p - a scroll of enchant weapon {unknown}
 s - a scroll of fog {unknown}
 z - a scroll of brand weapon {unknown}
Potions
 l - a potion of haste {unknown}
 q - a potion of curing {unknown}
 v - 2 potions of heal wounds {unknown}
 x - a potion of ambrosia {unknown}


   Skills:
 + Level 2.5 Fighting
 + Level 2.2 Polearms
 + Level 0.8 Throwing
 + Level 1.3 Armour
 + Level 2.1 Dodging
 + Level 2.0 Spellcasting
 + Level 3.1 Translocations


You had 6 spell levels left.
You didn't know any spells.
Your spell library contained the following spells:

 Spells                   Type           Power      Damage    Failure   Level
 Blink                    Tloc           30%        N/A       13%         2
 Gell's Gravitas          Tloc           15%        N/A       26%         3
 Lesser Beckoning         Tloc           15%        N/A       26%         3
 Teleport Other           Tloc           15%        N/A       26%         3
 Manifold Assault         Tloc           15%        N/A       93%         5


Dungeon Overview and Level Annotations

Branches:
Dungeon (2/15)

Altars:
Ashenzari


Innate Abilities, Weirdness & Mutations

You have hoof-like feet.


Message History

You are poisoned.
The adder poisons you!
You feel sick. The adder bites you but does no damage.
You feel sick.
You feel sick.
You feel sick.
Throw: 17 stones
Press: ? - help, Q - select action, (/) - cycle Shift-Dir - straight line, f - adder
Aim: an adder (moderately wounded, 38% to hit)
You throw a stone. The stone misses the adder.
You feel sick. The adder barely misses you.
The adder bites you but does no damage.
Non-targeted abil: Curse Item
Press: ? - help, Q - select action, (/) - cycle Dir - look around, f - activate Look: an adder (moderately wounded)
Okay, then.
You barely miss the adder.
The adder is moderately wounded.
You feel sick.
You are no longer poisoned.
The adder bites you but does no damage. The adder barely misses you.
You hit the adder. Your kick misses the adder.
The adder is almost dead.
The adder bites you.
You are poisoned.
The adder poisons you!
The adder bites you but does no damage. x2
You feel sick. The adder bites you.
You are lethally poisoned!
The adder poisons you! The adder attacks as you move away!
The adder bites you but does no damage. The adder attacks as you move away!
The adder bites you.
* * * LOW HITPOINT WARNING * * *
x2 You feel sick.
It was a potion of brilliance.
You feel clever all of a sudden.
* * * LOW HITPOINT WARNING * * *
You feel sick. The adder barely misses you. x2
It was a potion of attraction.
You feel attractive to monsters.
You die...

#.......##...########
##.########### #####
###### #.# #....
#....########.##### #....
#.................# #....
#....####.........# #####
###.### #.........#
#.....#
#.........#########
#.....#
#......@..#.......#
##.....# #......SS.#....#
.....### #.........#....#
##########........(.....#
#.......[.......####....#
..########......# #....#
### #......#.............
#...)..#.###...##....
####.#.# #...# ...


You could see 2 adders.

Vanquished Creatures
  2 dart slugs
  11 ball pythons
  5 endoplasms
  3 giant cockroaches
  5 goblins
  4 hobgoblins
  2 kobolds (D:2)
  A quokka (D:1)
  5 bats
  2 rats
40 creatures vanquished.

Notes
Turn   | Place    | Note
-------+----------+-------------------------------------------
     0 | D:1      | Meatmasher the Demonspawn Warper began the quest for the
                  | Orb.
     0 | D:1      | Reached XP level 1. HP: 16/16 MP: 3/3
   261 | D:1      | Reached skill level 3 in Translocations
   407 | D:1      | Gained mutation: You have large cloven feet. [demonic
                  | ancestry]
   407 | D:1      | Reached XP level 2. HP: 19/22 MP: 5/5
   560 | D:1      | Found a faded altar of an unknown god.
   567 | D:1      | Prayed at the altar of an unknown god.
   567 | D:1      | Became a worshipper of Ashenzari the Shackled
   959 | D:1      | Reached skill level 1 in Armour
  1513 | D:2      | Gained mutation: You have hoof-like feet. [demonic
                  | ancestry]
  1513 | D:2      | Reached XP level 3. HP: 25/28 MP: 6/6
  2312 | D:2      | HP: 1/28 [poisoned by an adder]
  2313 | D:2      | Succumbed to an adder's poison

Illustrated notes

Levels and vault maps discovered:
D:1:      beargit_arrival_greenhouse, layout_loops_ring,
          shapermc_ecumenical_altar_totnotflames
D:2:      wad_river_or_something, layout_basic

Skill      XL: |  1  2  3 |
---------------+----------+-----
Translocations | 3 |  3.1
Dodging        | 2 |  2.1
Armour         | 1 |  1.3
Polearms       | 2 |  2.2
Fighting       | |  2.5
Throwing       | |  0.8
Spellcasting   | |  2.0

Action                   || total
-------------------------++-------
Melee: Spear             ||   148
       Punch             ||     1
       Kick              ||    31
Throw: Boomerang         ||     2
       Stone             ||     1
  Use: Potion            ||     2
Armor: Leather armour    ||    78
Dodge: Dodged            ||   112

Table legend: (Time is in decaauts)
 A = Elapsed time spent in this place.
 B = Non-inter-level travel time spent in this place.
 C = Inter-level travel time spent in this place.
 D = Time resting spent in this place.
 E = Time spent auto-exploring this place.
 F = Levels seen in this place.
 G = Mean time per level.
                   A        B        C        D        E       F      G
               +--------+--------+--------+--------+--------+-----+--------+
         Total |   2316 |   1879 |    437 |    152 |   1348 |   2 | 1158.0 |
       Dungeon |   2316 |   1879 |    437 |    152 |   1348 |   2 | 1158.0 |
               +--------+--------+--------+--------+--------+-----+--------+

Top non-repeatable levels by time:
     D:1: 1375 daAuts
     D:2: 941 daAuts
